 Dungeon Crawl Stone Soup version 0.27.1-1-g398f81649c (webtiles) character file.

Game seed: 14266656625278454051

260 Rickety the Sneak (level 5, 0/24 HPs)
             Began as a Spriggan Enchanter on Sept 10, 2021.
             Slain by a hobgoblin (6 damage)
             ... on level 4 of the Dungeon.
             The game lasted 00:14:10 (4866 turns).

Rickety the Sneak (Spriggan Enchanter)              Turns: 4866, Time: 00:14:11

Health: 0/24       AC:  2    Str:  4    XL:     5   Next: 95%
Magic:  8/11       EV: 18    Int: 16    God:
Gold:   117        SH:  0    Dex: 17    Spells: 8/11 levels left

rFire    x . .     SeeInvis +   a - +1 dagger
rCold    + . .     Faith    .   (shield restricted)
rNeg     . . .     Spirit   .   b - +0 robe
rPois    .         Reflect  .   (helmet restricted)
rElec    .         Harm     .   (no cloak)
rCorr    .         Rampage  .   (gloves unavailable)
Will     .....                  (boots unavailable)
Stlth    ++++......             (no amulet)
HPRegen  0.08/turn              s - ring of ice
MPRegen  0.12/turn              (no ring)

@: very quick
A: very small, no large weapons, unfitting armour, see invisible, speed 3
a: no special abilities


You were on level 4 of the Dungeon.
You visited 1 branch of the dungeon, and saw 4 of its levels.

You collected 117 gold pieces.

Inventory:

Hand Weapons
 a - a +1 dagger (weapon)
Missiles
 f - 8 datura-tipped darts
 g - 13 poisoned darts
 t - 5 atropa-tipped darts
Armour
 b - a +0 robe (worn)
Jewellery
 h - a ring of flight
 s - a ring of ice (left hand)
Scrolls
 e - a scroll of teleportation {unknown}
 i - 6 scrolls of identify {unknown}
 j - a scroll of enchant weapon {unknown}
 k - a scroll of torment {unknown}
 l - 2 scrolls of magic mapping {unknown}
 m - a scroll of immolation {unknown}
 n - a scroll of vulnerability {unknown}
Potions
 c - 4 potions of curing {unknown}
 d - a potion of degeneration {unknown}
 o - 3 potions of magic {unknown}
 p - a potion of might
 q - a potion of ambrosia {unknown}
 r - 2 potions of lignification {unknown}
 u - a potion of haste {unknown}
 v - 2 potions of heal wounds {unknown}


   Skills:
 * Level 2.0 Short Blades
 * Level 3.1 Dodging
 * Level 7.0 Stealth
 * Level 3.9 Spellcasting
 * Level 5.3 Hexes
 * Level 0.7 Ice Magic


You had 8 spell levels left.
You knew the following spells:

 Your Spells              Type           Power      Damage    Failure   Level
a - Corona                Hex            22%        N/A       1%          1
b - Ensorcelled Hibernat  Hex/Ice        38%        N/A       8%          2

Your spell library contained the following spells:

 Spells                   Type           Power      Damage    Failure   Level
 Confusing Touch          Hex            20%        N/A       5%          3
 Tukima's Dance           Hex            20%        N/A       5%          3
 Dazzling Flash           Conj/Hex       22%        N/A       17%         3
 Ozocubu's Armour         Ice            8%         N/A       36%         3
 Ignite Poison            Fire/Tmut/Pois 3%         N/A       45%         3
 Mephitic Cloud           Conj/Pois/Air  3%         N/A       45%         3
 Bolt of Magma            Conj/Fire/Erth 1%         4d4       99%         5
 Ozocubu's Refrigeration  Ice            4%         4d5       100%        7


Dungeon Overview and Level Annotations

Branches:
Dungeon (4/15)
 Temple: D:4-7

Altars:
Trog
Yredelemnul
Zin
The Shining One

Shops:
D:3 (*


Innate Abilities, Weirdness & Mutations

You are very small and have problems with some larger weapons.
You are too small for most types of armour.
You have supernaturally acute eyesight. (SInv)
You cover ground extremely quickly. (Speed+++)


Message History

Press: ? - help, Shift-Dir - straight line, f/p - adder
Aim: an adder (chance to affect: 67%)
The adder barely resists.
Casting: Corona (safe; 1% risk of failure)
Confirm with . or Enter, or press ? or * to list all spells.
Aiming: Corona (safe; 1% risk of failure)
Press: ? - help, Shift-Dir - straight line, f/p - adder
Aim: an adder (chance to affect: 67%)
The adder is outlined in light.
Unknown command.
You barely miss the adder. The adder misses you.
You hit the adder.
The adder is moderately wounded.
The adder misses you. The adder skeleton bites you.
You hit the adder.
The adder is moderately wounded.
The adder closely misses you. The adder skeleton bites you.
The adder barely misses you.
You closely miss the adder.
The adder is moderately wounded.
The adder skeleton barely misses you. The adder closely misses you.
Casting: Corona (safe; 1% risk of failure)
Confirm with . or Enter, or press ? or * to list all spells.
Aiming: Ensorcelled Hibernation (safe; 8% risk of failure)
Press: ? - help, Shift-Dir - straight line, f - you, p - adder
Okay, then.
An iguana, a quokka and a hobgoblin come into view.
Found a hand axe.
There is an open door here.
The hobgoblin misses you. The hobgoblin completely misses you.
You hit the quokka but do no damage. The hobgoblin misses you.
The quokka misses you.
You closely miss the quokka. The quokka closely misses you.
You hit the hobgoblin but do no damage.
The hobgoblin hits you with a +0 hand axe!
The quokka bites you.
* * * LOW HITPOINT WARNING * * *
The hobgoblin hits you with a +0 hand axe.
You die...

#....####.#
#.........#
##.########
#S###...##
#.##.....##
#.#...)...#
#.#...r...#
#.#....g..#
#.##..@..##
#..##...##
##..##'######
##...........
.
#...........
.
#...........
.
####'#######
+ ... ....


You could see a quokka and a hobgoblin.

Vanquished Creatures
  Natasha (thrice) (D:3)
  2 orc wizards
  5 adders
  A gnoll (D:1)
  2 worms (D:3)
  A dart slug (D:1)
  8 orcs
  4 endoplasms
  3 giant cockroaches
  5 goblins
  5 hobgoblins
  7 jackals
  5 quokkas
  4 ball pythons
  3 bats (D:1)
  4 kobolds
  5 rats
67 creatures vanquished.

Notes
Turn   | Place    | Note
-------+----------+-------------------------------------------
     0 | D:1      | Rickety the Spriggan Enchanter began the quest for the Orb.
     0 | D:1      | Reached XP level 1. HP: 9/9 MP: 5/5
   186 | D:1      | Reached XP level 2. HP: 9/13 MP: 4/6
   190 | D:1      | Learned a level 2 spell: Ensorcelled Hibernation
   801 | D:1      | Reached XP level 3. HP: 16/16 MP: 6/8
   928 | D:1      | Reached skill level 5 in Stealth
  1229 | D:1      | Found a faded altar of an unknown god.
  2477 | D:3      | Noticed Natasha
  2617 | D:3      | Found a glowing silver altar of Zin.
  2631 | D:3      | Reached XP level 4. HP: 21/21 MP: 2/10
  2831 | D:3      | Found Gonigete's General Store.
  2863 | D:3      | Found Xun Soci's Antique Weapon Emporium.
  3040 | D:3      | Found a glowing golden altar of the Shining One.
  3291 | D:3      | Reached skill level 5 in Hexes
  3321 | D:3      | Killed Natasha
  3340 | D:3      | Reached XP level 5. HP: 24/24 MP: 8/11
  3525 | D:3      | Reached skill level 6 in Stealth
  3803 | D:3      | Noticed Natasha
  3939 | D:3      | Killed Natasha
  4121 | D:3      | Noticed Natasha
  4128 | D:3      | Killed Natasha
  4190 | D:4      | Reached skill level 7 in Stealth
  4195 | D:4      | Found a basalt altar of Yredelemnul.
  4483 | D:4      | Found a bloodstained altar of Trog.
  4866 | D:4      | Slain by a hobgoblin

Illustrated notes

Levels and vault maps discovered:
D:1:      evilmike_arrival_crescent, layout_loops_corners,
          chequers_ecumenical_altar_island
D:2:      layout_basic
D:3:      layout_basic, mainiacjoe_overflow_brackets, marbit_many_paths,
          serial_shops, nicolae_shop_temple_entry_statues_fountains, shop,
          uniq_natasha
D:4:      kennysheep_six_static_rooms, layout_basic, lemuel_tele_altar,
          general_overflow_altar, kennysheep_mini, minmay_misc_feat_iff,
          nrook_mini_backslash

Skill      XL: |  1  2  3  4  5 |
---------------+----------------+-----
Hexes          | 4 5 |  5.3
Spellcasting   | 3 |  3.9
Stealth        | 5 7 |  7.0
Dodging        | 3 |  3.1
Short Blades   | 2 |  2.0
Ice Magic      | |  0.7

Action                   |  1- 3 |  4- 6 || total
-------------------------+-------+-------++-------
Melee: Dagger            |    91 |    64 ||   155
 Cast: Corona            |     2 |     2 ||     4
       Ensorcelled Hiber |    25 |    35 ||    60
 Stab: Sleeping          |    23 |    26 ||    49
       Distracted        |       |     1 ||     1
Armor: Robe              |    11 |     4 ||    15
Dodge: Dodged            |    77 |    49 ||   126
